 Dungeon Crawl Stone Soup version 0.31-a0-1059-g83d41fd8b6 (webtiles) character file.

Game seed: 2577786999229674422

193 Arzdou the Chopper (level 5, -14/45 HPs)
             Began as a Hill Orc Fighter on Nov 21, 2023.
             Demolished by Menkaure (17 damage)
             ... on level 4 of the Dungeon.
             The game lasted 00:04:23 (2717 turns).

Arzdou the Chopper (Hill Orc Fighter)               Turns: 2717, Time: 00:04:24

Health: -14/45     AC:  8    Str: 21    XL:     5   Next: 72%
Magic:  5/5        EV:  9    Int:  8    God:
Gold:   128        SH:  4    Dex: 10    Spells: 4/4 levels left

rFire   . . .        a - +0 war axe
rCold   . . .        c - +0 buckler
rNeg    . . .        b - +0 scale mail
rPois   .            (no helmet)
rElec   .            j - +0 cloak
rCorr   .            (no gloves)
SInv    .            (no boots)
Will    .....        (no amulet) Stlth
                     (no ring)
HPRegen 0.27/turn    (no ring)
MPRegen 0.09/turn

%: no passive effects
@: mighty, brilliant, hasted, very quick
A: no striking features
a: no special abilities


You were on level 4 of the Dungeon.
You visited 1 branch of the dungeon, and saw 4 of its levels.

You collected 128 gold pieces.

Inventory:

Hand Weapons
 a - a +0 war axe (weapon)
Missiles
 p - 9 poisoned darts
Armour
 b - a +0 scale mail (worn)
 c - a +0 buckler (worn)
 j - a +0 cloak (worn)
Scrolls
 e - 4 scrolls of identify {unknown}
 h - a scroll of amnesia {unknown}
 i - a scroll of fog
 m - 2 scrolls of enchant armour {unknown}
 o - 2 scrolls of immolation {unknown}
 q - a scroll of noise {unknown}
Potions
 g - a potion of lignification {unknown}
 k - a potion of magic {unknown}


   Skills:
 - Level 3.6 Fighting
 + Level 7.6 Axes
 - Level 3.2 Armour
 - Level 3.2 Shields


You had 4 spell levels left.
You didn't know any spells.
Your spell library contained the following spells:

 Spells                   Type           Power      Damage    Failure   Level
 Summon Small Mammal      Summ           0%         N/A       82%         1
 Ensorcelled Hibernation  Hex/Ice        0%         N/A       91%         2
 Jinxbite                 Hex            0%         N/A       91%         2
 Scorch                   Fire           0%         2d5       91%         2
 Call Canine Familiar     Summ           0%         N/A       99%         3
 Dazzling Flash           Conj/Hex       0%         N/A       99%         3
 Summon Guardian Golem    Hex/Summ       0%         N/A       99%         3
 Volatile Blastmotes      Fire/Tloc      0%         2d10      99%         3
 Anguish                  Hex/Necr       0%         N/A       100%        4
 Flame Wave               Conj/Fire      0%         2d4       100%        4
 Starburst                Conj/Fire      0%         6d3       100%        6
 Summon Cactus Giant      Summ           0%         N/A       100%        6
 Maxwell's Capacitive Co  Air            0%         ∞         100%        8


Dungeon Overview and Level Annotations

Branches:
Dungeon (4/15)
 Temple: D:4-7

Altars:

Shops:
D:2 ?

Annotations:
D:4 Menkaure


Message History

You kill the orc!
Menkaure casts a spell.
Menkaure seems to speed up.
An orc wizard comes into view. It is wielding a +0 dagger.
The orc wizard points at you and mumbles some strange words.
You are confused.
Menkaure points at you and mumbles some strange words.
Pain shoots through your body!
There is a stone staircase leading up here.
Menkaure calls on the powers of darkness!
The dart slug convulses!
The orc convulses!
Your body is wracked with pain!
In your confused state, you trip and fall back down the stairs.
Menkaure points at you and mumbles some strange words.
Pain shoots through your body!
Menkaure's bandages flutter.
Menkaure points at you and mumbles some strange words.
Pain shoots through your body!
In your confused state, you trip and fall back down the stairs.
* * * LOW HITPOINT WARNING * * *
The orc wizard hits you but does no damage.
Menkaure points at you and mumbles some strange words.
Pain shoots through your body!
* * * LOW HITPOINT WARNING * * *
Unknown command.
You feel very mighty all of a sudden.
You feel less confused.
Menkaure whispers drily.
The orc wizard hits you but does no damage.
It was a potion of haste.
You feel yourself speed up. The orc wizard casts a spell at you.
The puff of flame hits you.
* * * LOW HITPOINT WARNING * * *
It was a potion of brilliance.
You feel clever all of a sudden.
Menkaure calls on the powers of darkness!
The dart slug convulses!
Your body is wracked with pain!
* * * LOW HITPOINT WARNING * * *
The orc convulses!
You block the orc wizard's attack.
As you read the scroll labelled IDUGOL TOTASILOO, it dissolves into smoke.
It was a scroll of fog.
Menkaure hits you!
You die...

#........# ...
##............ ..#
##....####.... .
##.....## ..##.
#.......# #.....
##......##.....
#....§.§.§.#
##....§§§.##
###.§w@§..###...
#..M#o§#>.....
#..o#§§....>..
##).#........
####.##.....###
##..).###.......
###.....##.....#####
.#..................##
.....#.....#..........


You could see Menkaure (fast), an orc wizard, a dart slug and an orc.

Vanquished Creatures
  2 orc priests (D:3)
  A hound (D:4)
  An adder (D:4)
  A worm (D:2)
  3 dart slugs
  10 orcs
  7 bats
  6 endoplasms
  4 giant cockroaches
  6 goblins
  5 hobgoblins
  3 jackals (D:1)
  4 quokkas
  7 ball pythons
  2 frilled lizards
  11 kobolds
  4 rats
77 creatures vanquished.

Notes
Turn   | Place    | Note
-------+----------+-------------------------------------------
     0 | D:1      | Arzdou the Hill Orc Fighter began the quest for the Orb.
     0 | D:1      | Reached XP level 1. HP: 19/19 MP: 1/1
    63 | D:1      | Reached skill level 3 in Axes
   105 | D:1      | Reached XP level 2. HP: 24/26 MP: 2/2
   175 | D:1      | Reached skill level 4 in Axes
   495 | D:1      | Reached XP level 3. HP: 31/31 MP: 3/3
   943 | D:2      | Found Vawy's Magic Scroll Emporium.
  1205 | D:2      | Reached skill level 5 in Axes
  1720 | D:3      | Reached XP level 4. HP: 39/39 MP: 4/4
  1723 | D:3      | Reached skill level 6 in Axes
  2047 | D:3      | Reached XP level 5. HP: 25/45 MP: 5/5
  2526 | D:4      | Reached skill level 7 in Axes
  2681 | D:4      | Noticed Menkaure
  2717 | D:4      | Demolished by Menkaure

Illustrated notes

Levels and vault maps discovered:
D:1:      dpeg_arrival_boxorama, layout_basic, minmay_liquid_box
D:2:      layout_loops_ring, serial_shops, nicolae_shop_advertising_works
          [nicolae_subvault_shop_adworks], minmay_ruptured
D:3:      layout_loops_cross
D:4:      minmay_general_purpose_star, layout_cave_pools, uniq_menkaure

Skill      XL: |  1  2  3  4  5 |
---------------+----------------+-----
Axes           | 3 4 5 6 7 |  7.6
Fighting       | |  3.6
Armour         | |  3.2
Shields        | |  3.2

Action                     |  1- 3 |  4- 6 || total
---------------------------+-------+-------++-------
  Melee: War axe           |   141 |    65 ||   206
    Use: Potion            |       |     4 ||     4
         Scroll            |       |     1 ||     1
 Armour: Scale mail        |    99 |    46 ||   145
  Dodge: Dodged            |    64 |    23 ||    87
  Block: Buckler           |    26 |    15 ||    41

Table legend: (Time is in decaauts)
 A = Elapsed time spent in this place.
 B = Non-inter-level travel time spent in this place.
 C = Inter-level travel time spent in this place.
 D = Time resting spent in this place.
 E = Time spent auto-exploring this place.
 F = Levels seen in this place.
 G = Mean time per level.
                   A        B        C        D        E       F      G
               +--------+--------+--------+--------+--------+-----+--------+
         Total |   2775 |   2700 |     75 |     43 |   2120 |   4 |  693.8 |
       Dungeon |   2775 |   2700 |     75 |     43 |   2120 |   4 |  693.8 |
               +--------+--------+--------+--------+--------+-----+--------+

Top non-repeatable levels by time:
     D:1: 953 daAuts
     D:3: 900 daAuts
     D:2: 724 daAuts
     D:4: 197 daAuts
